 Dungeon Crawl Stone Soup version 0.28-a0-1504-g839a4452db (webtiles) character file.

Game seed: 2029705753889011941

13971 Conn the Arsonist (level 12, -6/70 HPs)
             Began as an Octopode Fire Elementalist on Jan 13, 2022.
             Was a Follower of Sif Muna.
             Killed from afar by an oklob plant (29 damage)
             ... with a splash of acid
             ... on level 1 of the Lair of Beasts.
             The game lasted 00:44:18 (17510 turns).

Conn the Arsonist (Octopode Fire Elementalist)     Turns: 17510, Time: 00:44:18

Health: -6/70      AC:  5    Str: 15    XL:     12   Next: 11%
Magic:  25/25      EV: 14    Int: 25    God:    Sif Muna [*.....]
Gold:   1086       SH:  0    Dex: 18    Spells: 6/30 levels left

rFire   . . .      SeeInvis +   o - +4 rapier (vorpal)
rCold   . . .      Faith    .   (no shield)
rNeg    . . .      Spirit   .   (helmet restricted)
rPois   +          Reflect  .   y - amulet of Deblil {RegenMP Str+4}
rElec   .          Harm     .   k - +6 ring of dexterity
rCorr   .          Rampage  .   b - +4 ring of protection
Will    .....                   E - ring of Nobility {Wiz rPois Str+3 Int+3 SInv}
Stlth   ++++......              (no ring)
HPRegen 0.21/turn               (no ring)
MPRegen 0.59/turn               (no ring)
                                (no ring)
                                (no ring)

@: no status effects
A: almost no armour, amphibious, 8 rings, camouflage 1, gelatinous body 1,
(nimble swimmer 1), tentacles
a: Renounce Religion, Channel Magic


You were on level 1 of the Lair of Beasts.
You worshipped Sif Muna.
Sif Muna was aware of your devotion.
You visited 3 branches of the dungeon, and saw 16 of its levels.
You also visited: Bailey.

You collected 1367 gold pieces.
You spent 281 gold pieces at shops.

Inventory:

Hand Weapons
 o - a +4 vorpal rapier (weapon)
 v - the +7 spear of Infinity {vorpal, *Slow rPois Will+ Int+3}
   (You bought it in a shop on level 2 of the Dungeon)

   It inflicts extra damage upon your enemies.
   Int:       It affects your intelligence (+3).
   rPois:     It protects you from poison.
   *Slow:     It may slow you when you take damage.
   Will:      It increases your willpower.
Missiles
 x - 13 curare-tipped darts (quivered)
Magical Staves
 j - a staff of cold
Jewellery
 b - a +4 ring of protection (right tentacle)
 c - an amulet of reflection
 k - a +6 ring of dexterity (left tentacle)
 y - the amulet of Deblil (around mantle) {RegenMP Str+4}
   (You found it in a bailey)

   [amulet of magic regeneration]

   It increases your rate of magic regeneration.
   Str:       It affects your strength (+4).
 z - an amulet of magic regeneration
 E - the ring of Nobility (on tentacle) {Wiz rPois Str+3 Int+3 SInv}
   (You acquired it on level 11 of the Dungeon)

   [ring of wizardry]

   It improves your spell success rate.
   Str:       It affects your strength (+3).
   Int:       It affects your intelligence (+3).
   rPois:     It protects you from poison.
   SInv:      It lets you see invisible.
Wands
 i - a wand of charming (12)
 q - a wand of iceblast (18)
 A - a wand of paralysis (4)
 B - a wand of mindburst (23)
 C - a wand of acid (18)
 D - a wand of polymorph (18)
Scrolls
 a - 2 scrolls of summoning
 f - 6 scrolls of identify
 h - 3 scrolls of immolation
 l - 4 scrolls of amnesia
 m - 4 scrolls of magic mapping
 r - 2 scrolls of teleportation
 F - 2 scrolls of blinking
Potions
 d - a potion of invisibility
 e - 6 potions of heal wounds
 g - 4 potions of magic
 n - 2 potions of brilliance
 p - 2 potions of lignification
 s - a potion of mutation
 t - 2 potions of might
 u - a potion of haste
 w - 5 potions of curing


   Skills:
 + Level 2.1 Fighting
 + Level 2.3 Short Blades
 + Level 2.4 Polearms
 + Level 3.2 Dodging
 + Level 5.8 Stealth
 + Level 9.6 Spellcasting
 + Level 7.6 Conjurations
 + Level 2.1 Hexes
 + Level 2.4 Summonings
 + Level 5.1 Translocations
 + Level 10.3 Fire Magic
 + Level 1.5 Air Magic
 + Level 0.6 Poison Magic
 * Level 5.6 Invocations
 + Level 0.7 Evocations


You had 6 spell levels left.
You knew the following spells:

 Your Spells              Type           Power      Damage    Failure   Level
a - Foxfire               Conj/Fire      100%       2x1d9     1%          1
b - Conjure Flame         Conj/Fire      55%        6-21      1%          3
c - Inner Flame           Hex/Fire       43%        N/A       1%          3
d - Flame Wave            Conj/Fire      55%        2d9       1%          4
e - Scorch                Fire           100%       2d10      1%          2
f - Blink                 Tloc           74%        N/A       1%          2
g - Stone Arrow           Conj/Erth      62%        3d10      1%          3
h - Summon Guardian Gole  Hex/Summ       23%        N/A       2%          3
i - Mephitic Cloud        Conj/Pois/Air  28%        N/A       1%          3

Your spell library contained the following spells:

 Spells                   Type           Power      Damage    Failure   Level
 Magic Dart               Conj           100%       1d8       1%          1
 Summon Small Mammal      Summ           96%        N/A       1%          1
 Call Imp                 Summ           24%        N/A       1%          2
 Lesser Beckoning         Tloc           37%        N/A       1%          3
 Portal Projectile        Hex/Tloc       60%        N/A       1%          3
 Call Canine Familiar     Summ           24%        N/A       2%          3
 Manifold Assault         Tloc           37%        N/A       7%          5
 Leda's Liquefaction      Hex/Erth       8%         N/A       13%         4
 Summon Cactus Giant      Summ           12%        N/A       71%         6
 Lehudib's Crystal Spear  Conj/Erth      15%        10d5      100%        8
 Animate Armour           Summ/Erth      Unusable   N/A       N/A         4

Dungeon Overview and Level Annotations

Branches:
Dungeon (14/15)            Temple (1/1) D:7            Lair (1/6) D:11
    Orc (0/2) D:11         Bailey (visited)
 Vaults: D:13-14

Altars:
Ashenzari
Cheibriados
Dithmenos
Elyvilon
Fedhas
Gozag
Hepliaklqana
Kikubaaqudgha
Makhleb
Nemelex Xobeh
Okawaru
Qazlal
Ru
Sif Muna
Trog
Uskayaw
Vehumet
Wu Jian
Xom
Yredelemnul
Zin
The Shining One

Shops:
D:2 (   D:3 !   D:9 ?   D:10 *   D:12 *

Annotations:
D:4 Pikel
D:12 Nessos
D:13 2 transporters, Afolao Buwex's ghost, journeyman DDFi
Lair:1 exclusion: 2 oklob plants


Innate Abilities, Weirdness & Mutations

You cannot wear most types of armour.
You are amphibious.
You can wear up to eight rings at the same time.
Your skin changes colour to match your surroundings (Stealth+).
Your rubbery body absorbs attacks. (AC +1, EV +1)
((You are camouflaged when in or above water. (Stealth+)))
You have tentacles for arms and can constrict up to eight enemies at once.


Message History

The plant is lightly damaged.
You constrict the plant.
You release your grip on the plant.
A nearby plant withers and dies.
You now have 1086 gold pieces (gained 13).
Found 20 bolts.
Found a stone staircase leading down.
There is a stone staircase leading down here.
Found a wand of iceblast (4).
You hear the brisk rumble of a very distant avalanche of rocks.
Found a scroll of teleportation and 8 gold pieces.
q - a wand of iceblast (18) (gained 4 charges)
Found 11 gold pieces.
Really wriggle into a travel-excluded area?
Casting: Foxfire (safe; 1% risk of failure)
Confirm with . or Enter, or press ? or * to list all spells.
You conjure some foxfire!
Unknown command.
Casting: Foxfire (safe; 1% risk of failure)
Confirm with . or Enter, or press ? or * to list all spells.
You conjure some foxfire!
Unknown command.
Casting: Foxfire (safe; 1% risk of failure)
Confirm with . or Enter, or press ? or * to list all spells.
You conjure some foxfire!
Unknown command.
Really wriggle into a travel-excluded area? [Y]es or [N]o only, please.
Really wriggle into a travel-excluded area?
Okay, then.
Really wriggle into a travel-excluded area?
Your foxfire dissipates!
Your foxfire dissipates!
The oklob plant spits acid at you. The splash of acid hits you!!
Unknown command.
Unknown command.
The oklob plant spits acid at you. The splash of acid hits you!!
You die...

#....# ###.# .....#
##.... ##....#####
#.....
#........(...###....
#......§PP..........
#P.....$PP...###....
#####....#.PPP.
#.....
#........?..$..
##....
#.....@........
#....
##..............
#....
#...........###.
.......
##...........#
.......
#..........##
.....PPP
#..........#
####.PP♣
#..........# #.PP
#..........# #.PP
#..........# #.


You could see an oklob plant.

Vanquished Creatures
  Erica (D:9)
  An ugly thing (D:12)
  2 cane toads (Lair:1)
  2 unseen horrors (D:11)
  2 komodo dragons
  4 kobold demonologists
  A troll (D:11)
  Grinder (D:3)
  3 shadows
  A wraith (D:12)
  5 yaks (D:8)
  Grum (D:10)
  A steam dragon (D:8)
  5 vampire mosquitoes
  Menkaure (D:5)
  A water moccasin (D:7)
  9 orc warriors
  A sky beast (D:7)
  3 ice beasts
  4 black bears
  3 wolves (D:10)
  7 centaurs
  An ogre (D:7)
  9 kobold brigands
  A gnoll sergeant (D:7)
  A scorpion (D:6)
  2 bullfrogs
  A water moccasin zombie (D:7)
  5 killer bees (D:8)
  2 electric eels (D:9)
  7 howler monkeys
  3 centaur zombies
  2 hounds
  3 orc priests
  A gnoll shaman (D:4)
  2 jellies (D:6)
  4 iguanas
  6 orc wizards
  A hound skeleton (D:4)
  Robin (D:3)
  8 gnolls
  5 adders
  A shadow imp (D:5)
  2 white imps
  2 worms
  34 orcs
  8 ball pythons
  8 bats
  6 endoplasms
  3 giant cockroaches
  9 goblins
  14 hobgoblins
  4 quokkas
  6 frilled lizards
  33 kobolds
  A quokka skeleton (D:4)
  4 rats
259 creatures vanquished.

Vanquished Creatures (collateral kills)
  An ogre (D:5)
  An orc wizard (D:7)
  A shadow imp (D:5)
  2 orcs (D:7)
  17 foxfires
22 creatures vanquished.

Vanquished Creatures (others)
  An ugly thing (D:12)
  A cyclops (D:12)
  A manticore (D:12)
  A troll (D:12)
  A hornet (D:9)
  A shadow (D:9)
  A wraith (D:12)
  A basilisk (D:14)
  A vampire mosquito (D:12)
  A lemure (D:4)
  A centaur (D:14)
  An orc (D:5)
  2 bushes (Lair:1)
  1201 foxfires
  11 plants
1226 creatures vanquished.

Grand Total: 1507 creatures vanquished

Notes
Turn   | Place    | Note
-------+----------+-------------------------------------------
     0 | D:1      | Conn the Octopode Fire Elementalist began the quest for the
                  | Orb.
     0 | D:1      | Reached XP level 1. HP: 11/11 MP: 3/3
   506 | D:1      | Reached XP level 2. HP: 17/17 MP: 3/5
  1734 | D:2      | Reached XP level 3. HP: 21/21 MP: 6/6
  2112 | D:2      | Found Hikh's Antique Weapon Boutique.
  2147 | D:2      | Found a shadowy altar of Dithmenos.
  2637 | D:3      | Learned a level 3 spell: Conjure Flame
  2642 | D:3      | Reached XP level 4. HP: 23/27 MP: 4/7
  2906 | D:3      | Found a bloodstained altar of Trog.
  3056 | D:3      | Found Roihusa's Distillery.
  3303 | D:3      | Noticed Robin
  3505 | D:2      | Learned a level 3 spell: Inner Flame
  3514 | D:3      | Killed Robin
  3515 | D:3      | Reached XP level 5. HP: 24/31 MP: 7/9
  3797 | D:3      | Noticed Grinder
  3815 | D:3      | Killed Grinder
  3816 | D:3      | Reached skill level 1 in Short Blades
  3816 | D:3      | Reached skill level 4 in Fire Magic
  3816 | D:3      | Reached XP level 6. HP: 27/37 MP: 0/11
  3917 | D:3      | Learned a level 4 spell: Flame Wave
  5018 | D:5      | Entered Level 5 of the Dungeon
  5042 | D:5      | Reached skill level 1 in Fighting
  5042 | D:5      | Reached XP level 7. HP: 29/43 MP: 1/13
  5266 | D:5      | Learned a level 2 spell: Scorch
  5364 | D:5      | Found an iron altar of Okawaru.
  5672 | D:5      | Reached skill level 5 in Fire Magic
  5850 | D:4      | Noticed Pikel
  6092 | D:5      | Learned a level 2 spell: Blink
  6267 | D:5      | Noticed Menkaure
  6269 | D:5      | Killed Menkaure
  6270 | D:5      | Reached skill level 1 in Translocations
  6270 | D:5      | Reached XP level 8. HP: 41/48 MP: 9/15
  7192 | D:6      | Reached skill level 5 in Spellcasting
  8086 | D:2      | Bought a faintly glowing spear for 184 gold pieces
  8086 | D:2      | Identified the +7 spear of Infinity {vorpal, *Slow rPois
                  | Will+ Int+3} (You bought it in a shop on level 2 of the
                  | Dungeon)
  8621 | D:4      | Found a hazy altar of Hepliaklqana.
  8907 | D:7      | Found a white marble altar of Elyvilon.
  9087 | D:7      | Found a staircase to the Ecumenical Temple.
  9095 | Temple   | Entered the Ecumenical Temple
  9208 | D:7      | Found a flagged portal.
  9227 | D:7      | Reached skill level 6 in Fire Magic
  9249 | D:7      | Reached XP level 9. HP: 21/53 MP: 1/17
  9456 | Bailey   | Entered a bailey
  9499 | Bailey   | Reached skill level 5 in Conjurations
  9914 | Bailey   | Identified the amulet of Deblil {RegenMP Str+4}
  9934 | Bailey   | Reached skill level 1 in Polearms
  9934 | Bailey   | Reached skill level 5 in Stealth
 10085 | Bailey   | Found a bloodstained altar of Trog.
 10339 | D:7      | Reached skill level 7 in Fire Magic
 10596 | D:7      | Noticed a komodo dragon
 10612 | D:7      | Killed a komodo dragon
 10613 | D:7      | Reached skill level 5 in Translocations
 10749 | D:7      | Reached XP level 10. HP: 47/59 MP: 16/20
 11303 | D:8      | Found a blossoming altar of Fedhas.
 11518 | D:8      | Reached skill level 8 in Fire Magic
 11641 | D:8      | Found an opulent altar of Gozag.
 11641 | D:8      | Found a sparkling altar of Nemelex Xobeh.
 11680 | D:8      | Found a burning altar of Makhleb.
 11917 | D:9      | Found Wic Fesm's Magic Scroll Boutique.
 11930 | D:9      | Bought a scroll of blinking for 97 gold pieces
 12068 | D:9      | Identified the +1 robe of the Komodo Dragon {Contam Int+5}
 12291 | D:9      | Learned a level 3 spell: Stone Arrow
 12303 | D:9      | Learned a level 3 spell: Summon Guardian Golem
 12490 | D:9      | Noticed Erica
 12497 | D:9      | Killed Erica
 12498 | D:9      | Reached skill level 1 in Summonings
 12604 | D:9      | Reached skill level 1 in Hexes
 13131 | D:10     | Entered Level 10 of the Dungeon
 13144 | D:10     | Found a hazy altar of Hepliaklqana.
 13144 | D:10     | Noticed Grum
 13168 | D:10     | Killed Grum
 13169 | D:10     | Reached XP level 11. HP: 46/64 MP: 14/23
 13263 | D:10     | Found a hazy altar of Hepliaklqana.
 13263 | D:10     | Found a blossoming altar of Fedhas.
 13265 | D:10     | Found a radiant altar of Vehumet.
 13265 | D:10     | Found a shimmering altar of Xom.
 13265 | D:10     | Found a shimmering altar of Xom.
 13386 | D:10     | Reached skill level 9 in Fire Magic
 13553 | D:10     | Found Zin's Purification Station.
 13556 | D:10     | Found a glowing silver altar of Zin.
 13602 | D:10     | Found a basalt altar of Yredelemnul.
 13609 | D:10     | Found a shimmering blue altar of Sif Muna.
 13616 | D:10     | Became a worshipper of Sif Muna the Loreminder
 13730 | D:10     | Reached skill level 1 in Invocations
 13783 | D:10     | Learned a level 3 spell: Mephitic Cloud
 15394 | D:11     | Reached * piety under Sif Muna
 15440 | D:11     | You fall into a shaft and drop 3 floors!
 15492 | D:14     | Noticed a centaur warrior
 15509 | D:14     | Reached skill level 1 in Air Magic
 15521 | D:13     | Noticed a two-headed ogre
 15521 | D:13     | Noticed a centaur warrior
 15523 | D:13     | Noticed a centaur warrior
 15529 | D:13     | Noticed Afolao Buwex's ghost (journeyman DDFi)
 15530 | D:13     | Noticed a death knight
 15537 | D:13     | Noticed a centaur warrior
 15656 | D:13     | Found a transporter.
 15658 | D:13     | Found a transporter.
 15692 | D:12     | Noticed a brown ugly thing
 15698 | D:12     | Killed a brown ugly thing
 15732 | D:12     | Found Wehietunn's Changing Room.
 15767 | D:12     | Noticed a manticore
 15774 | D:12     | Killed a manticore
 15832 | D:12     | Noticed Nessos
 16227 | D:12     | Noticed a purple ugly thing
 16239 | D:12     | Reached skill level 10 in Fire Magic
 16241 | D:12     | Killed a purple ugly thing
 16242 | D:12     | Reached skill level 5 in Invocations
 16259 | D:12     | Noticed a cyclops
 16278 | D:12     | Killed a cyclops
 16556 | D:11     | Identified a scroll of acquirement
 16556 | D:11     | Acquired the ring of Nobility {Wiz rPois Str+3 Int+3 SInv}
 16791 | D:11     | Reached XP level 12. HP: 70/70 MP: 20/25
 16917 | D:11     | Found a staircase to the Orcish Mines.
 16981 | D:11     | Found a staircase to the Lair.
 17028 | Lair:1   | Entered Level 1 of the Lair of Beasts
 17510 | Lair:1   | Killed from afar by an oklob plant

Illustrated notes

Levels and vault maps discovered:
D:1:      heliophobic_arrival_henge, layout_basic, st_stairs_12
D:2:      layout_basic, basic_altar, serial_shops, nicolae_shop_statue_plus
D:3:      layout_loops_ring, mainiacjoe_overflow_cross_hatched, serial_shops,
          nicolae_lakefront_shop, uniq_grinder, uniq_robin
D:4:      layout_loops_corners, nzn_hepliaklqana_mist_gate, uniq_pikel
D:5:      layout_rooms, okawaru_metal_pillars_1_2, eino_tiny_chamber,
          wad_woods_river_04, dk_noncrumbling_2, uniq_menkaure
D:6:      layout_gridville
D:7:      layout_loops_ring, amcnicky_altar_gilded, minmay_temple_entry_arrows,
          enter_bailey_6, minmay_lizard_king
D:8:      layout_basic, grunt_temple_overflow_opulence, lightli_temple_of_fire,
          nicolae_overflow_crystal_walls
D:9:      layout_loops_ring, serial_shops, shop, hive_lemuel, uniq_erica
D:10:     layout_loops_ring, zin_purify, amethyst_overflow_temple_binary,
          doesnt_xom_only_xom, uniq_grum
D:11:     layout_gridville, grunt_lair_entry_orc_guard_hut, david_orc_4
D:12:     layout_gridville, nicolae_transmutations_shop, due_unseen_surprise,
          uniq_nessos
D:13:     layout_layer_cave, david_vaults_2, gammafunk_ghost_arena
D:14:     layout_roguey
Temple:   eino_wide_crystal_templ
Lair:1:   layout_gridlike, enter_volcano_4, minmay_lair_oklob_bushes,
          dpeg_stationary_puzzle

Skill      XL: |  1  2  3  4  5  6  7  8  9 10 11 |
---------------+----------------------------------+-----
Stealth        | 3 4 5 |  5.8
Conjurations   | 2 3 4 5 6 7 |  7.6
Short Blades   | 1 2 |  2.3
Spellcasting   | 3 4 5 7 8 9 |  9.6
Fire Magic     | 4 5 6 7 8 10 | 10.3
Fighting       | 1 2 |  2.1
Translocations | 1 3 5 |  5.1
Polearms       | 1 2 |  2.4
Dodging        | 3 |  3.2
Summonings     | 2 |  2.4
Hexes          | 1 2 |  2.1
Invocations    | 5 |  5.6
Air Magic      | 1 |  1.5
Poison Magic   | |  0.6
Evocations     | |  0.7

Action                   |  1- 3 |  4- 6 |  7- 9 | 10-12 || total
-------------------------+-------+-------+-------+-------++-------
Melee: Short sword       |    19 |    20 |    14 |       ||    53
       Tentacles         |     3 |     6 |    13 |     9 ||    31
       Constrict         |     3 |     5 |    12 |     7 ||    27
       Spear             |       |       |    18 |    33 ||    51
       Rapier            |       |       |     3 |     3 ||     6
       Punch             |       |       |     1 |       ||     1
 Cast: Foxfire           |    68 |    75 |   231 |   361 ||   735
       Conjure Flame     |       |     1 |     7 |    16 ||    24
       Inner Flame       |       |     1 |     9 |    11 ||    21
       Scorch            |       |       |    11 |    55 ||    66
       Blink             |       |       |     2 |     3 ||     5
       Summon Guardian G |       |       |       |    10 ||    10
       Flame Wave        |       |       |       |     6 ||     6
       Mephitic Cloud    |       |       |       |    10 ||    10
Evoke: Wand              |       |     2 |     2 |     3 ||     7
  Use: Scroll            |       |     2 |     6 |    14 ||    22
       Potion            |       |       |     4 |     1 ||     5
 Stab: Sleeping          |     5 |     1 |     3 |     2 ||    11
       Confused          |       |       |       |     1 ||     1
Armor: Skin              |     2 |     2 |     4 |    13 ||    21
Dodge: Dodged            |    11 |    21 |    23 |    60 ||   115

Table legend: (Time is in decaauts)
 A = Elapsed time spent in this place.
 B = Non-inter-level travel time spent in this place.
 C = Inter-level travel time spent in this place.
 D = Time resting spent in this place.
 E = Time spent auto-exploring this place.
 F = Levels seen in this place.
 G = Mean time per level.
                   A        B        C        D        E       F      G
               +--------+--------+--------+--------+--------+-----+--------+
         Total |  17520 |  17066 |    454 |   1502 |  11809 |  17 | 1030.6 |
       Dungeon |  16289 |  15835 |    454 |   1406 |  11152 |  14 | 1163.5 |
        Temple |     88 |     88 |      0 |      0 |      0 |   1 |   88.0 |
          Lair |    481 |    481 |      0 |      0 |    286 |   1 |  481.0 |
        Bailey |    661 |    661 |      0 |     96 |    371 |   1 |  661.0 |
               +--------+--------+--------+--------+--------+-----+--------+

Top non-repeatable levels by time:
     D:1: 1696 daAuts
    D:11: 1684 daAuts
     D:4: 1627 daAuts
     D:3: 1534 daAuts
     D:5: 1427 daAuts
     D:2: 1418 daAuts
    D:10: 1351 daAuts
     D:9: 1259 daAuts
     D:7: 1235 daAuts
     D:6: 1213 daAuts
     D:8: 981 daAuts
  Bailey: 661 daAuts
    D:12: 608 daAuts
  Lair:1: 481 daAuts
    D:13: 170 daAuts
